Map: King's Cove LE

Players

Namshar

  • Race: Zerg Zerg
  • League: Grandmaster
  • Spawn Location: 11:00

HellraiseR - Winner!

  • Race: Protoss Protoss
  • Spawn Location: 5:00

Event: HomeStory Cup XIX

VOD

Have the link to the VOD?

Description

Time

  • Played on: June 28, 2019, 9:48 a.m.
  • Length: 10:40

All games in this series

Show
View Real Time Build Order
Export as new Build Order

Namshar Zerg 

Build Orders: Hatch First 

Get SALT Encoding   

  12  0:00  Drone  
  13  0:12  Overlord  
  13  0:18  Drone  
  14  0:30  Drone x2  
  16  0:48  Hatchery  
  15  0:52  Drone  
  15  0:55  Drone  
  17  0:59  Drone  
  18  1:10  Extractor  
  17  1:14  Spawning Pool  
  17  1:17  Drone  
  17  1:22  Drone  
  18  1:29  Drone  
  19  1:39  Drone  
  20  1:49  Drone  
  21  2:00  Overlord  
  21  2:01  Queen x2  
  21  2:02  Zergling x2  
  26  2:10  Drone  
  26  2:11  Drone  
  26  2:14  Metabolic Boost  
  28  2:22  Drone x2  
  30  2:33  Drone  
  30  2:35  Drone  
  32  2:44  Hatchery  
  32  2:49  Zergling x4  
  33  2:59  Overlord  
  33  3:10  Spore Crawler  
  33  3:12  Drone x3  
  34  3:17  Drone  
  34  3:18  Drone  
  34  3:19  Drone  
  36  3:23  Drone  
  36  3:24  Drone  
  36  3:26  Evolution Chamber  
  37  3:29  Spore Crawler  
  37  3:32  Drone x2  
  38  3:37  Queen  
  40  3:43  Overlord  
  40  3:48  Queen  
  42  3:51  Zerg Melee Weapons Level 1  
  42  3:53  Overlord  
  42  3:58  Zergling x2  
  43  4:03  Drone  
  43  4:04  Drone x3  
  43  4:09  Drone  
  48  4:13  Drone  
  48  4:14  Drone  
  48  4:16  Drone x3  
  52  4:20  Zergling x4  
  52  4:22  Spore Crawler  
  53  4:31  Spore Crawler  
  53  4:35  Drone x7  
  57  4:45  Overlord  
  57  4:46  Drone  
  57  4:47  Drone x2  
  57  4:50  Zergling x2  
  57  4:52  Lair  
  61  4:55  Extractor, Baneling Nest  
  61  4:57  Extractor  
  58  5:01  Zergling x4  
  58  5:05  Overlord  
  58  5:06  Zergling x4  
  61  5:07  Drone x3  
  61  5:11  Drone x2  
  61  5:13  Overlord  
  66  5:16  Drone x3  
  66  5:19  Drone x2  
  70  5:28  Overlord x2  
  70  5:32  Pneumatized Carapace  
  70  5:34  Overlord  
  70  5:35  Extractor  
  69  5:36  Extractor  
  69  5:40  Zergling x4  
  69  5:44  Drone x6  
  69  5:48  Zergling x6  
  69  5:49  Zergling x2  
  77  5:50  Drone  
  77  5:52  Zerg Melee Weapons Level 2  
  78  5:57  Drone x2  
  78  6:01  Drone  
  81  6:06  Hatchery  
  81  6:08  Drone  
  81  6:10  Hydralisk Den, Drone x2  
  82  6:14  Extractor, Centrifical Hooks  
  81  6:23  Queen  
  80  6:25  Zergling x4  
  80  6:26  Zergling x6  
  80  6:27  Zergling x12  
  80  6:29  Zergling x2  
  82  6:37  Zergling x6  
  61  7:03  Zergling x6  
  61  7:04  Drone x3  
  63  7:10  Drone x2  
  63  7:14  Drone x2  
  61  7:20  Drone x3  
  62  7:27  Queen  
  59  7:30  Queen  
  59  7:44  Drone  
  59  7:45  Drone x5  
  59  7:47  Grooved Spines  
  59  7:49  Queen  
  67  7:55  Drone x3  
  70  8:03  Queen  
  72  8:06  Queen  
  72  8:08  Baneling x11  
  72  8:09  Baneling  
  74  8:28  Zergling x18  
  83  8:42  Hatchery, Drone x7  
  83  8:48  Drone x2  
  89  8:53  Baneling x8  
  88  8:58  Muscular Augments  
  88  9:05  Hydralisk x3  
  87  9:20  Queen  
  87  9:21  Drone  
  87  9:22  Overlord  
  87  9:23  Overlord x3  
  89  9:27  Spire  
  89  9:28  Hydralisk x2  
  88  9:33  Hydralisk x2  
  88  9:42  Drone x2  
  90  9:45  Hydralisk  
  90  9:46  Hydralisk x3  
  90  9:48  Overlord  
  90  9:49  Zergling x2  
  90  9:51  Zergling x6  
  102  9:57  Overlord x2, Queen  
  108  10:01  Drone x2  
  108  10:04  Drone x2  
  112  10:07  Hydralisk  
  112  10:08  Zergling x2  
  112  10:09  Hydralisk  
  112  10:10  Hydralisk  
  112  10:13  Hydralisk x2  
  112  10:14  Zergling x2  
  120  10:17  Baneling x6  
Show
View Real Time Build Order
Export as new Build Order

HellraiseR Protoss - Winner!

Build Orders: 1 Gate Expand, Oracle Opening 

Get SALT Encoding   

  12  0:00  Probe  
  13  0:12  Probe  
  14  0:19  Pylon  
  14  0:25  Probe  
  14  0:33  Probe  
  15  0:38  Gateway  
  16  0:43  Probe  
  16  0:47  Assimilator  
  17  0:55  Probe  
  18  1:07  Probe  
  19  1:22  Nexus  
  19  1:25  Probe  
  20  1:35  Cybernetics Core  
  20  1:38  Probe  
  21  1:45  Assimilator  
  21  1:50  Probe  
  21  1:53  Pylon  
  22  2:01  Adept  
  22  2:02  Probe  
  23  2:12  Probe  
  26  2:21  Probe  
  26  2:26  Stargate  
  26  2:29  Probe  
  27  2:30  Probe  
  27  2:34  Stalker  
  31  2:38  Probe  
  31  2:40  Probe  
  33  2:48  Warp Gate, Probe  
  34  2:53  Probe  
  35  3:00  Probe  
  35  3:02  Oracle  
  35  3:05  Probe  
  37  3:12  Probe  
  41  3:17  Probe  
  40  3:20  Gateway  
  40  3:24  Probe  
  41  3:28  Pylon  
  41  3:30  Probe  
  41  3:32  Oracle  
  42  3:36  Assimilator, Probe  
  46  3:44  Assimilator  
  46  3:46  Probe  
  46  3:48  Probe, Pylon  
  48  3:58  Probe  
  48  3:59  Twilight Council  
  48  4:00  Probe  
  50  4:07  Oracle  
  50  4:09  Gateway  
  50  4:10  Probe  
  50  4:14  Gateway  
  54  4:17  Probe  
  54  4:22  Probe  
  56  4:27  Resonating Glaives  
  56  4:28  Pylon  
  56  4:29  Probe  
  57  4:33  Pylon  
  57  4:34  Probe  
  57  4:38  Phoenix  
  58  4:41  Adept x2  
  64  5:00  Probe  
  64  5:05  Probe  
  64  5:06  Adept  
  65  5:07  Adept x2  
  65  5:09  Adept  
  71  5:18  Robotics Facility  
  73  5:25  Nexus  
  73  5:27  Adept  
  73  5:28  Adept  
  75  5:31  Adept  
  75  5:34  Pylon  
  77  5:46  Pylon  
  77  5:47  Pylon  
  77  5:49  Adept x2  
  76  5:50  Adept  
  76  5:53  Adept  
  76  5:55  Probe  
  76  5:56  Probe  
  82  6:07  Probe  
  82  6:08  Observer  
  84  6:14  Adept, Forge  
  84  6:15  Robotics Bay  
  84  6:16  Sentry x2  
  84  6:18  Probe  
  91  6:19  Probe  
  91  6:22  Adept  
  94  6:30  Probe  
  94  6:31  Probe  
  94  6:37  Probe  
  95  6:42  Probe  
  95  6:43  Probe  
  95  6:46  Protoss Ground Weapons Level 1  
  95  6:49  Probe  
  95  6:52  Sentry x2  
  95  6:53  Sentry  
  101  6:54  Probe  
  101  6:55  Probe  
  96  7:01  Probe  
  96  7:06  Probe  
  96  7:08  Probe  
  95  7:13  Probe  
  96  7:18  Probe, Sentry x2  
  96  7:19  Sentry, Stalker  
  96  7:20  Probe  
  96  7:22  Assimilator  
  102  7:24  Assimilator  
  102  7:25  Probe  
  102  7:27  Pylon  
  102  7:28  Colossus  
  101  7:30  Extended Thermal Lance, Probe  
  101  7:32  Probe  
  103  7:37  Probe  
  103  7:42  Probe  
  103  7:44  Zealot x2, Probe  
  116  7:46  Pylon  
  116  7:47  Blink  
  116  7:49  Nexus  
  116  7:50  Probe, Pylon, Photon Cannon  
  117  7:52  Shield Battery  
  117  7:53  Photon Cannon  
  117  8:04  Stalker x3  
  123  8:07  Stalker  
  125  8:15  Probe x2, Shield Battery, Photon Cannon  
  125  8:16  Probe, Colossus  
  125  8:18  Phoenix  
  130  8:27  Probe  
  137  8:38  Stalker x2  
  137  9:00  Photon Cannon  
  137  9:03  Shield Battery  
  137  9:08  Probe x3  
  137  9:11  Probe  
  137  9:17  Warp Prism, Stalker x4  
  123  9:20  Probe x3  
  123  9:23  Probe  
  123  9:32  Probe  
  123  9:33  Probe x2  
  123  9:35  Probe  
  124  9:41  Stalker x4  
  124  9:42  Probe  
  130  9:48  Gateway x2  
  130  9:50  Probe x4  
  133  9:59  Probe  
  134  10:02  Probe x3  
  138  10:11  Probe  
  139  10:15  Templar Archives  
  139  10:22  Stalker x3  
  139  10:28  Probe  
  132  10:35  Stalker  
Tags
 
Add a new tag
Caveats
  • Supply blocks, unpowered buildings, or Contaminate may cause inaccurate times.
  • Supply counts are checked every 10 seconds.